 Dungeon Crawl Stone Soup version 0.27.1-34-g3ba077fa99 (webtiles) character file.

Game seed: 3978722712655445949

47849 KamiKatze the Thaumaturge (level 14, -1/59 HPs)
             Began as a Spriggan Conjurer on Jan 11, 2022.
             Was a High Priest of Vehumet.
             Shot with an arrow by Nessos (3 damage)
             ... on level 2 of the Orcish Mines on Jan 12, 2022.
             The game lasted 02:09:16 (21716 turns).

KamiKatze the Thaumaturge (Spriggan Conjurer)      Turns: 21716, Time: 02:09:16

Health: -1/59      AC:  5    Str:  3    XL:     14   Next: 10%
Magic:  17/31      EV: 18    Int: 23    God:    Vehumet [*****.]
Gold:   415        SH: 10    Dex: 15    Spells: 9/38 levels left

rFire    + . .     SeeInvis +   a - +2 dagger (venom)
rCold    + . .     Faith    .   r - +2 buckler
rNeg     . . .     Spirit   .   R - +1 robe {rC+ rF+}
rPois    .         Reflect  .   (helmet restricted)
rElec    .         Harm     .   D - +1 cloak {rCorr}
rCorr    +         Rampage  .   (gloves unavailable)
Will     ++...                  (boots unavailable)
Stlth    +++.......             t - amulet of regeneration
HPRegen  1.19/turn              S - ring of resist corrosion
MPRegen  0.22/turn              L - ring of flight

@: lethally poisoned (-1 -> -23), flying, very quick
A: very small, no large weapons, unfitting armour, see invisible, speed 3
a: Renounce Religion


You were on level 2 of the Orcish Mines.
You worshipped Vehumet.
Vehumet was extremely pleased with you.
You visited 4 branches of the dungeon, and saw 19 of its levels.
You also visited: Gauntlet.

You collected 1220 gold pieces.
You spent 805 gold pieces at shops.

Inventory:

Hand Weapons
 a - a +2 dagger of venom (weapon)
 b - a +0 whip
Missiles
 d - 112 stones
 e - 38 poisoned darts (quivered)
 x - 4 curare-tipped darts
 H - 3 throwing nets
Armour
 r - a +2 buckler (worn)
 D - a +1 cloak of preservation (worn)
 R - a +1 robe of resistance (worn)
Magical Staves
 z - a staff of air
 O - a staff of conjuration
Jewellery
 i - a ring of ice
 t - an amulet of regeneration (around neck)
 L - a ring of flight (right hand)
 P - the ring "Genwuemy" {Fly rElec rC+++ Dex+6 Stlth-}
   (You acquired it on level 10 of the Dungeon)

   [ring of dexterity]

   Dex:       It affects your dexterity (+6).
   rC:        It renders you almost immune to cold.
   rElec:     It insulates you from electricity.
   Fly:       It grants you flight.
   Stlth:     It makes you less stealthy.
 S - a ring of resist corrosion (left hand)
Wands
 c - a wand of flame (54)
 q - a wand of polymorph (6)
 v - a wand of iceblast (24)
 E - a wand of paralysis (6)
 F - a wand of charming (25)
 J - a wand of acid (18)
 M - a wand of mindburst (11)
Scrolls
 g - 2 scrolls of fear
 j - 8 scrolls of teleportation
 k - 3 scrolls of silence
 p - 3 scrolls of magic mapping
 A - a scroll of fog
 C - a scroll of acquirement
 G - 3 scrolls of identify
Potions
 f - 3 potions of might
 h - 6 potions of curing
 m - 3 potions of brilliance
 s - 2 potions of haste
 B - 4 potions of magic
 I - a potion of lignification
 K - 2 potions of heal wounds
 N - 2 potions of resistance
 Q - a potion of berserk rage


   Skills:
 - Level 3.5 Dodging
 - Level 4.2 Stealth
 - Level 7.2 Shields
 * Level 12.5 Spellcasting
 * Level 8.5 Conjurations
 - Level 9.0 Hexes
 + Level 11.7 Translocations
 - Level 3.0 Transmutations
 - Level 3.0 Fire Magic
 - Level 6.0 Ice Magic
 + Level 6.1 Air Magic
 * Level 6.1 Earth Magic
 * Level 5.3 Poison Magic


You had 9 spell levels left.
You knew the following spells:

 Your Spells              Type           Power      Damage    Failure   Level
a - Magic Dart            Conj           100%       1d8       1%          1
b - Searing Ray           Conj           100%       3d7       1%          2
c - Fulminant Prism       Conj/Hex       26%        3d14      1%          4
d - Iskenderun's Mystic   Conj/Tloc      57%        2d12      1%          4
e - Freezing Cloud        Conj/Ice/Air   23%        6-21      1%          5
f - Iron Shot             Conj/Erth      24%        9d5       9%          6
g - Ignite Poison         Fire/Tmut/Pois 31%        N/A       1%          3
h - Olgreb's Toxic Radia  Pois           38%        N/A       1%          4

Your spell library contained the following spells:

 Spells                   Type           Power      Damage    Failure   Level
 Beastly Appendage        Tmut           56%        N/A       1%          1
 Blink                    Tloc           N/A        N/A       1%          2
 Corpse Rot               Necr/Air       N/A        N/A       1%          2
 Passwall                 Tmut/Erth      29%        N/A       1%          2
 Wereblood                Tmut           28%        N/A       1%          2
 Conjure Flame            Conj/Fire      40%        6-21      1%          3
 Dazzling Flash           Conj/Hex       100%       N/A       1%          3
 Mephitic Cloud           Conj/Pois/Air  45%        N/A       1%          3
 Swiftness                Air            42%        N/A       1%          3
 Passage of Golubria      Tloc           N/A        N/A       1%          4
 Sticky Flame             Conj/Fire      40%        2d6       1%          4
 Iskenderun's Battlesphe  Conj           52%        2d10      1%          5
 Manifold Assault         Tloc           62%        N/A       1%          5
 Spider Form              Tmut/Pois      16%        N/A       2%          3
 Fireball                 Conj/Fire      20%        3d10      3%          5
 Silence                  Hex/Air        24%        N/A       5%          5
 Conjure Ball Lightning   Conj/Air       24%        3x3d7     9%          6
 Invisibility             Hex            27%        N/A       17%         6
 Orb of Destruction       Conj           26%        9d10      28%         7
 Dispel Undead            Necr           14%        3d10      41%         4
 Spellforged Servitor     Conj/Summ      17%        N/A       82%         7
 Simulacrum               Ice/Necr       14%        N/A       89%         6
 Lehudib's Crystal Spear  Conj/Erth      24%        10d7      96%         8
 Storm Form               Tmut/Air       17%        N/A       99%         7
 Death Channel            Necr           7%         N/A       100%        6
 Polar Vortex             Ice            21%        N/A       100%        9


Dungeon Overview and Level Annotations

Branches:
Dungeon (10/15)            Temple (1/1) D:6            Lair (6/6) D:9
  Swamp (0/4) Lair:3       Spider (0/4) Lair:3          Orc (2/2) D:10
Gauntlet (visited)
  Slime: Lair:5-6       Elf: Orc:2

Altars:
Ashenzari
Cheibriados
Dithmenos
Elyvilon
Gozag
Hepliaklqana
Kikubaaqudgha
Makhleb
Nemelex Xobeh
Okawaru
Qazlal
Ru
Sif Muna
Trog
Uskayaw
Vehumet
Wu Jian
Xom
Yredelemnul
Zin
The Shining One

Shops:
D:10 *   Orc:1 ::

Annotations:
Lair:6 1 exclusion
Orc:2 Nessos


Innate Abilities, Weirdness & Mutations

You are very small and have problems with some larger weapons.
You are too small for most types of armour.
You have supernaturally acute eyesight. (SInv)
You cover ground extremely quickly. (Speed+++)


Message History

The orc warrior is almost dead.
An orc sorcerer comes into view. It is wielding a +0 dagger.
The orc wizard gestures at you while chanting.
The magic dart hits you.
Casting: Iskenderun's Mystic Blast (safe; 1% risk of failure)
Confirm with . or Enter, or press ? or * to list all spells.
You erupt in a blast of force!
The mystic blast hits the orc!!
You kill the orc!
Vehumet accepts your kill.
You feel your power returning.
The mystic blast hits the orc warrior.
The orc warrior is almost dead.
The orc warrior is knocked back by the mystic blast.
You hear a shout!
Nessos wields a +2 longbow of flaming.
It bursts into flame!
Nessos shoots an arrow.
You block the arrow.
The orc sorcerer gestures wildly while chanting.
Unknown command.
Casting: Iskenderun's Mystic Blast (safe; 1% risk of failure)
Confirm with . or Enter, or press ? or * to list all spells.
You erupt in a blast of force!
The mystic blast hits the orc!
You kill the orc!
Vehumet accepts your kill.
You feel your power returning.
The mystic blast hits the orc warrior!
You kill the orc warrior!
Vehumet accepts your kill.
Nessos shoots an arrow.
The arrow hits you!
* * * LOW HITPOINT WARNING * * *
The arrow burns you.
You are poisoned.
* * * LOW HITPOINT WARNING * * *
An orc wizard comes into view. It is wielding a +0 dagger.
Nessos shoots an arrow.
The arrow closely misses you.
The orc priest begins to cast a cantrip, but forgets the words!
Unknown command.
You feel very sick.
Nessos shoots an arrow.
The arrow hits you!
* * * LOW HITPOINT WARNING * * *
The arrow burns you.
You are more poisoned.
You die...

... ....).)..
.. §§§3o....
###.#§§§..)...
##....#○○..)..$
#.........)....
#..............
#..............
#.....@).o.o..
#........).c.).
#.....)))))....
#.....)o.).....
.......))#))...
#...)....)...).
........). ...o
#.............#


You could see Nessos (fast), a sixfirhy (summoned), an orc sorcerer, an orc
priest (strong) and 3 orc wizards.

Vanquished Creatures
  Josephine (Lair:3)
  Fannar (Lair:2)
  7 hydras
  2 boulder beetles
  2 two-headed ogres
  2 death yaks
  An orc high priest (Orc:2)
  Sonja (Lair:4)
  2 orc knights
  A harpy (Lair:6)
  An orc sorcerer (Orc:2)
  3 oklob plants (Lair:3)
  4 elephants (Lair:2)
  3 black mambas
  A molten gargoyle (Lair:4)
  A torpor snail (Lair:1)
  11 cane toads
  A rime drake (Lair:4)
  11 komodo dragons
  3 trolls
  6 jumping spiders (Lair:3)
  A wind drake (Lair:6)
  A hornet (D:8)
  15 blink frogs
  7 dream sheep (Lair:4)
  5 wyverns
  40 yaks
  3 redbacks (Lair:3)
  4 wraiths (Lair:4)
  A fire elemental (Lair:4)
  7 basilisks
  3 steam dragons
  13 water moccasins
  15 orc warriors
  A sky beast (D:6)
  3 black bears
  A hornet zombie (D:5)
  3 ogres
  A necrophage (D:4)
  22 wolves
  A centaur (D:10)
  A phantom (D:4)
  3 kobold brigands (D:8)
  3 gnoll sergeants
  10 bullfrogs
  2 wyvern zombies
  4 scorpions
  10 killer bees
  2 howler monkeys (D:5)
  2 electric eels
  3 centaur zombies
  2 hounds
  14 orc priests
  4 centaur skeletons
  An iguana (D:5)
  16 orc wizards
  7 hell rats
  2 human simulacra (D:9)
  22 gnolls
  3 adders
  10 river rats (Lair:4)
  A shadow imp (D:7)
  3 worms
  2 dart slugs
  63 orcs
  6 endoplasms
  6 giant cockroaches
  6 goblins
  5 hobgoblins
  2 jackals (D:1)
  20 kobolds
  3 quokkas
  2 ball pythons (D:1)
  3 bats
  2 frilled lizards (D:1)
  6 rats
  A butterfly (Lair:1)
  A fulminant prism (Lair:4)
465 creatures vanquished.

Vanquished Creatures (others)
  263 fulminant prisms
  67 fungi
  149 plants
479 creatures vanquished.

Grand Total: 944 creatures vanquished

Notes
Turn   | Place    | Note
-------+----------+-------------------------------------------
     0 | D:1      | KamiKatze the Spriggan Conjurer began the quest for the
                  | Orb.
     0 | D:1      | Reached XP level 1. HP: 9/9 MP: 5/5
   296 | D:1      | Reached skill level 3 in Spellcasting
   333 | D:1      | Reached XP level 2. HP: 13/13 MP: 2/7
   909 | D:1      | Learned a level 2 spell: Searing Ray
  1419 | D:2      | Reached XP level 3. HP: 16/16 MP: 3/8
  1765 | D:2      | Reached XP level 4. HP: 21/21 MP: 3/10
  2009 | D:2      | Reached skill level 4 in Spellcasting
  2180 | D:3      | Found a glowing golden altar of the Shining One.
  2256 | D:3      | Found a faded altar of an unknown god.
  2417 | D:3      | Learned a level 4 spell: Fulminant Prism
  2422 | D:3      | Learned a level 4 spell: Iskenderun's Mystic Blast
  2961 | D:4      | Reached skill level 1 in Hexes
  2961 | D:4      | Reached skill level 1 in Translocations
  2961 | D:4      | Reached XP level 5. HP: 18/24 MP: 2/12
  3201 | D:4      | Noticed a necrophage
  3241 | D:4      | Killed a necrophage
  3448 | D:4      | Noticed a phantom
  3604 | D:4      | Reached XP level 6. HP: 28/28 MP: 7/14
  4047 | D:4      | Reached skill level 5 in Spellcasting
  4304 | D:5      | Entered Level 5 of the Dungeon
  4524 | D:5      | Reached XP level 7. HP: 18/32 MP: 6/16
  4855 | D:5      | Reached skill level 6 in Spellcasting
  5070 | D:5      | Reached skill level 5 in Translocations
  5726 | D:6      | Reached XP level 8. HP: 36/36 MP: 15/18
  5821 | D:6      | Found a staircase to the Ecumenical Temple.
  5830 | Temple   | Entered the Ecumenical Temple
  5953 | Temple   | Became a worshipper of Vehumet
  5986 | D:6      | Reached skill level 5 in Hexes
  6145 | D:6      | Reached skill level 7 in Spellcasting
  6145 | D:6      | Reached skill level 5 in Conjurations
  7247 | D:7      | Reached XP level 9. HP: 39/39 MP: 10/21
  7566 | D:7      | Reached * piety under Vehumet
  7566 | D:7      | Offered knowledge of Foxfire by Vehumet.
  7567 | D:7      | Reached skill level 8 in Spellcasting
  7757 | D:7      | Learned a level 5 spell: Freezing Cloud
  8558 | D:8      | Reached skill level 1 in Air Magic
  8571 | D:8      | Reached skill level 1 in Ice Magic
  8988 | D:8      | Reached ** piety under Vehumet
  8988 | D:8      | Offered knowledge of Static Discharge by Vehumet.
  9781 | D:9      | Noticed a two-headed ogre
  9799 | D:9      | Killed a two-headed ogre
  9800 | D:9      | Reached skill level 9 in Spellcasting
  9800 | D:9      | Reached XP level 10. HP: 44/44 MP: 12/24
 10400 | D:9      | Offered knowledge of Mephitic Cloud by Vehumet.
 10469 | D:9      | Found a staircase to the Lair.
 10886 | D:9      | Learned a level 3 spell: Mephitic Cloud
 10914 | D:10     | Entered Level 10 of the Dungeon
 10947 | D:10     | Found Peetrugix's General Store.
 10957 | D:10     | Bought a scroll of magic mapping for 49 gold pieces
 10988 | D:10     | Identified 3 scrolls of acquirement
 10988 | D:10     | Acquired a staff of conjuration
 10990 | D:10     | Acquired the ring "Genwuemy" {Fly rElec rC+++ Dex+6 Stlth-}
 11042 | D:10     | Noticed a two-headed ogre
 11060 | D:10     | Killed a two-headed ogre
 11061 | D:10     | Reached skill level 1 in Poison Magic
 11298 | D:10     | Reached skill level 10 in Spellcasting
 11455 | D:10     | Noticed a two-headed ogre
 11466 | D:10     | Learned a level 6 spell: Iron Shot
 11567 | D:10     | Reached skill level 1 in Shields
 11571 | D:10     | Reached XP level 11. HP: 47/47 MP: 13/26
 11695 | D:10     | Found a staircase to the Orcish Mines.
 11828 | Lair:1   | Entered Level 1 of the Lair of Beasts
 12012 | Lair:1   | Reached *** piety under Vehumet
 12327 | Lair:1   | Reached skill level 5 in Shields
 13138 | Lair:1   | Offered knowledge of Ignite Poison by Vehumet.
 13143 | Lair:1   | Learned a level 3 spell: Ignite Poison
 13396 | Lair:2   | Noticed Fannar
 13397 | Lair:2   | Noticed a death yak
 13400 | Lair:2   | Noticed a death yak
 13403 | Lair:2   | HP: 2/47 [death yak[a torpor snail] (20)]
 13711 | Lair:1   | Killed a death yak
 13848 | Lair:2   | Reached skill level 1 in Transmutations
 13936 | Lair:2   | Reached skill level 1 in Earth Magic
 13937 | Lair:2   | Reached XP level 12. HP: 41/51 MP: 11/27
 14102 | Lair:1   | Reached skill level 10 in Translocations
 14236 | Lair:2   | Killed Fannar
 14329 | Lair:2   | Reached skill level 1 in Fire Magic
 14630 | Lair:2   | Reached **** piety under Vehumet
 14638 | Lair:2   | Killed a death yak
 15151 | Lair:3   | Noticed a seven-headed hydra
 15154 | Lair:3   | Noticed a boulder beetle
 15293 | Lair:3   | Offered knowledge of Hailstorm by Vehumet.
 15394 | Lair:3   | Noticed a seven-headed hydra
 15818 | Lair:3   | Noticed a seven-headed hydra
 15848 | Lair:3   | Killed a seven-headed hydra
 15849 | Lair:3   | Reached skill level 5 in Air Magic
 15964 | Lair:3   | Reached skill level 11 in Spellcasting
 16036 | Lair:3   | Killed a boulder beetle
 16218 | Lair:3   | Killed a seven-headed hydra
 16219 | Lair:3   | Reached skill level 5 in Ice Magic
 16368 | Lair:3   | Killed a seven-headed hydra
 16421 | Lair:3   | Acquired a +1 cloak of preservation
 16616 | Lair:3   | Reached XP level 13. HP: 55/55 MP: 16/29
 17094 | Lair:3   | Found a staircase to the Swamp.
 17257 | Lair:3   | Found a hole to the Spider Nest.
 17796 | Lair:4   | Noticed Josephine
 17812 | Lair:3   | Killed Josephine
 17838 | Lair:4   | Noticed Sonja
 17949 | Lair:4   | Killed Sonja
 18183 | Lair:4   | Reached ***** piety under Vehumet
 18320 | Lair:4   | Offered knowledge of Olgreb's Toxic Radiance by Vehumet.
 18326 | Lair:4   | Learned a level 4 spell: Olgreb's Toxic Radiance
 18617 | Lair:4   | Reached skill level 5 in Earth Magic
 19515 | Lair:5   | Reached skill level 12 in Spellcasting
 19789 | Lair:5   | Found a gate leading to a gauntlet.
 19830 | Gauntlet | Entered a Gauntlet
 19830 | Gauntlet | Found a transporter.
 19833 | Gauntlet | Found a transporter.
 19837 | Gauntlet | Found a transporter.
 19849 | Gauntlet | Found a transporter.
 19850 | Gauntlet | Found a transporter.
 19857 | Gauntlet | Found a transporter.
 19861 | Gauntlet | Found a transporter.
 19869 | Gauntlet | Found a transporter.
 19873 | Gauntlet | Found a transporter.
 19881 | Gauntlet | Found a transporter.
 19904 | Gauntlet | Found a transporter.
 19916 | Gauntlet | Found a transporter.
 19928 | Gauntlet | Found a transporter.
 19940 | Gauntlet | Found a transporter.
 20665 | Lair:6   | Entered Level 6 of the Lair of Beasts
 21325 | Orc:1    | Entered Level 1 of the Orcish Mines
 21349 | Orc:1    | Reached skill level 5 in Poison Magic
 21349 | Orc:1    | Reached XP level 14. HP: 33/59 MP: 4/31
 21522 | Orc:1    | Found Tyggysodd's Book Shoppe.
 21599 | Orc:1    | Found Rupsuuda's Book Boutique.
 21600 | Orc:1    | Bought a book of the Spheres for 756 gold pieces
 21704 | Orc:2    | Entered Level 2 of the Orcish Mines
 21709 | Orc:2    | Noticed Nessos
 21716 | Orc:2    | HP: 2/59 [Nessos/arrow (16)]
 21716 | Orc:2    | Shot with an arrow by Nessos

Illustrated notes

Levels and vault maps discovered:
D:1:      amcnicky_arrival_wind_blow, layout_loops_ring
D:2:      layout_basic
D:3:      layout_loops_ring, old_standard_altar,
          chequers_ecumenical_altar_simple_redux
D:4:      layout_basic
D:5:      layout_gridville
D:6:      layout_gridville, minmay_temple_entry_proselytizer, uniq_grinder
D:7:      layout_basic, corexii_checkpoint_a, grunt_decor_resistance
D:8:      layout_loops_ring
D:9:      layout_irregular_city, grunt_lair_entry_orc_guard_hut,
          nicolae_sextant, bh_circular_ruins
D:10:     layout_loops_cross, orc_0_dummy, serial_shops, shop
Temple:   regret_index_temple_sigil_plot
Lair:1:   layout_roguey, grunt_megastairs_1, serial_bayou_shore_a,
          lemuel_fruit_fields
Lair:2:   layout_regular_city, infiniplex_staircase_pool_2, uniq_fannar
Lair:3:   dpeg_oklob_gauntlet, layout_chaotic_city, palyth_hydra_swamp_entry,
          nicolae_spider_entry_tight_spaces, nicolae_quartered_pool_medium
Lair:4:   layout_gridlike, kennysheep_rathole, lemuel_fruit_fields, uniq_sonja,
          uniq_josephine
Lair:5:   layout_gridlike, gauntlet_entry_generic
Lair:6:   gammafunk_lair_ancient_temple, layout_long_grid, slime_altar_2,
          serial_bayou_shore_b, minmay_lair_oklob_chamber
Orc:1:    layout_diamond_mine, serial_shops, shop, nicolae_lakefront_shop, shop,
          shop_fountains
Orc:2:    st_orc_elflike, layout_caves, uniq_azrael, uniq_snorg, uniq_nessos

Skill      XL: |  1  2  3  4  5  6  7  8  9 10 11 12 13 |
---------------+----------------------------------------+-----
Conjurations   | 3 4 5 6 7 8 |  8.5
Spellcasting   | 3 4 5 6 7 9 10 11 12 | 12.5
Dodging        | 3 |  3.5
Stealth        | 4 |  4.2
Hexes          | 1 2 3 4 6 7 8 9 |  9.0
Translocations | 1 2 4 5 7 9 10 11 | 11.7
Air Magic      | 2 4 5 6 |  6.1
Ice Magic      | 2 3 4 5 6 |  6.0
Poison Magic   | 1 2 3 5 |  5.3
Shields        | 1 7 |  7.2
Transmutations | 1 3 |  3.0
Earth Magic    | 1 3 6 |  6.1
Fire Magic     | 2 3 |  3.0

Action                   |  1- 3 |  4- 6 |  7- 9 | 10-12 | 13-15 || total
-------------------------+-------+-------+-------+-------+-------++-------
Melee: Whip              |     5 |       |       |       |       ||     5
       Dagger            |    22 |    18 |     1 |    92 |    29 ||   162
 Cast: Magic Dart        |    43 |    38 |    39 |    10 |     3 ||   133
       Searing Ray       |     6 |    34 |    55 |    28 |    26 ||   149
       Fulminant Prism   |       |       |    33 |   162 |    70 ||   265
       Iskenderun's Myst |       |       |    19 |    67 |    49 ||   135
       Ignite Poison     |       |       |       |     6 |    13 ||    19
       Freezing Cloud    |       |       |       |       |    29 ||    29
       Olgreb's Toxic Ra |       |       |       |       |    10 ||    10
  Use: Scroll            |       |     3 |     7 |    13 |     4 ||    27
       Potion            |       |       |       |       |     2 ||     2
 Stab: Sleeping          |     3 |     3 |     1 |       |       ||     7
Armor: Robe              |     5 |     3 |     2 |    13 |     7 ||    30
       Steam dragon scal |       |       |     4 |     8 |       ||    12
Dodge: Dodged            |    13 |    23 |    28 |   131 |    42 ||   237
Block: Buckler           |       |       |       |    47 |    29 ||    76
